 Dungeon Crawl Stone Soup version 0.29-a0-824-gd827844252 (webtiles) character file.

Game seed: 17514902962418418411

84 buhh the Insei (level 4, -3/43 HPs)
             Began as an Octopode Transmuter on July 11, 2022.
             Killed by divine providence
             ... invoked by an orc priest
              (12 damage)
             ... on level 3 of the Dungeon.
             The game lasted 00:01:56 (2122 turns).

buhh the Insei (Octopode Transmuter)                Turns: 2122, Time: 00:01:57

Health: -3/43      AC: 22    Str:  9    XL:     4   Next: 45%
Magic:  7/7        EV:  2    Int: 15    God:
Gold:   136        SH:  0    Dex: 12    Spells: 1/7 levels left

rFire   . . .      SeeInvis .     - Unarmed
rCold   . . .      Faith    .   (no shield)
rNeg    . . .      Spirit   .   (helmet currently unavailable)
rPois   +          Reflect  .   (no amulet)
rElec   .          Harm     .   (no ring)
rCorr   .          Rampage  .   (no ring)
Will    .....      NoTele   +   (no ring)
Stlth   ++........              (no ring)
HPRegen 0.14/turn               (no ring)
MPRegen 0.10/turn               (no ring)
                                (no ring)
                                (no ring)

@: tree-form
A: stationary, stasis, torment immunity, boosted hp, almost no armour,
(amphibious), 8 rings, (camouflage 1), (gelatinous body 1), (nimble swimmer 1),
(tentacles), dopey 1, subdued magic 1
a: no special abilities


You were on level 3 of the Dungeon.
You were a tree.
You visited 1 branch of the dungeon, and saw 3 of its levels.

You collected 136 gold pieces.

Inventory:

Missiles
 e - 5 poisoned darts
Jewellery
 b - a ring of ice
Scrolls
 c - 2 scrolls of identify {unknown}
 d - a scroll of silence {unknown}


   Skills:
 + Level 2.1 Fighting
 + Level 2.8 Dodging
 - Level 2.0 Stealth
 + Level 3.6 Unarmed Combat
 - Level 2.0 Spellcasting
 - Level 2.0 Transmutations
 * Level 1.1 Poison Magic


You had one spell level left.
You knew the following spells:

 Your Spells              Type           Power      Damage    Failure   Level
a - Beastly Appendage     Tmut           10%        N/A       8%          1
b - Wereblood             Tmut           5%         N/A       12%         2
c - Spider Form           Tmut/Pois      4%         N/A       30%         3

Your spell library contained the following spells:

 Spells                   Type           Power      Damage    Failure   Level
 Poisonous Vapours        Pois/Air       4%         N/A       22%         2
 Sublimation of Blood     Necr           1%         N/A       28%         2
 Vampiric Draining        Necr           1%         2d6       50%         3
 Ice Form                 Ice/Tmut       3%         N/A       78%         4
 Petrify                  Tmut/Erth      3%         N/A       78%         4
 Corpse Rot               Necr/Pois/Air  2%         N/A       86%         4
 Dispel Undead            Necr           1%         3d6       89%         4
 Irradiate                Conj/Tmut      1%         3d13      98%         5
 Agony                    Necr           1%         N/A       99%         5
 Necromutation            Tmut/Necr      1%         N/A       100%        8


Dungeon Overview and Level Annotations

Branches:
Dungeon (3/15) Zot: 15879

Altars:
Trog

Annotations:
D:2 1 runed translucent door, Crazy Yiuf


Innate Abilities, Weirdness & Mutations

You are a tree.
Your roots penetrate the ground, keeping you stationary.
You cannot be teleported.
You are immune to unholy pain and torment.
Your maximum health is greatly increased.
You cannot wear most types of armour.
((You are amphibious.))
You can wear up to eight rings at the same time.
((Your skin changes colour to match your surroundings (Stealth+).))
((Your rubbery body absorbs attacks. (AC +1, EV +1)))
((You are camouflaged when in or above water. (Stealth+)))
((You have tentacles for arms and can constrict up to eight enemies at once.))
You are dopey. (Int -2)
Your spells are a little easier to cast, but a little less powerful.


Message History

The orc wizard flickers and vanishes!
Deactivating autopickup; reactivate with Ctrl-A.
You are confused.
You are too confused!
The orc hits you with a +0 hand axe!
In your confused state, you trip and fall back down the stairs.
The orc closely misses you.
The orc priest casts a cantrip, but nothing happens.
The orc hits you with a +0 short sword. The orc hits you with a +0 hand axe!
In your confused state, you trip and fall back down the stairs.
Your transformation is almost over.
The orc barely misses you. x2
Really quaff the potion of lignification?
Your tentacle spike disappears.
You turn into a tree.
Your roots penetrate the ground.
The orc hits you but does no damage.
You barely miss something. You closely miss the orc.
The orc hits you but does no damage. Something hits you but does no damage.
The orc hits you but does no damage.
You closely miss the orc.
You feel less confused. The orc hits you but does no damage.
You hear some strange, mumbled words.
A magic dart appears from out of thin air!
The magic dart hits you but does no damage.
The orc priest calls down the wrath of Beogh upon you.
Beogh smites you!
* * * LOW HITPOINT WARNING * * *
The orc hits you but does no damage.
It was a potion of mutation.
You feel extremely strange.
Your connection to magic feels subdued.
You feel stupid. The orc hits you but does no damage.
Something hits you but does no damage. The orc hits you but does no damage.
You closely miss something. The orc hits you but does no damage.
Something hits you but does no damage. The orc hits you but does no damage.
You smack the orc!
You kill the orc!
The orc priest calls down the wrath of Beogh upon you.
Beogh smites you!
You die...

# #. #..
##.#####
......#
..oS#
#{o# #)♣#
#..#
.....
?.....##
......###
#####. #.
..


You could see an orc priest, an orc and a ball python.

Vanquished Creatures
  3 adders
  A worm (D:2)
  4 dart slugs
  An orc (D:3)
  6 ball pythons
  4 bats (D:2)
  3 endoplasms (D:1)
  2 giant cockroaches
  5 goblins
  3 hobgoblins (D:1)
  3 jackals (D:1)
  5 kobolds
  2 quokkas (D:2)
  2 frilled lizards (D:1)
  A rat (D:1)
45 creatures vanquished.

Notes
Turn   | Place    | Note
-------+----------+-------------------------------------------
     0 | D:1      | buhh the Octopode Transmuter began the quest for the Orb.
     0 | D:1      | Reached XP level 1. HP: 13/13 MP: 3/3
   156 | D:1      | Reached skill level 1 in Stealth
   248 | D:1      | Reached XP level 2. HP: 18/18 MP: 3/5
   274 | D:1      | Reached skill level 1 in Poison Magic
   592 | D:1      | Reached XP level 3. HP: 19/23 MP: 4/6
  1258 | D:1      | Reached XP level 4. HP: 21/29 MP: 5/7
  1741 | D:2      | Learned a level 2 spell: Wereblood
  1745 | D:2      | Learned a level 3 spell: Spider Form
  1799 | D:2      | Got the Guidebook on Death
  1862 | D:2      | Found a bloodstained altar of Trog.
  2077 | D:2      | Found a runed translucent door.
  2078 | D:2      | Noticed Crazy Yiuf
  2120 | D:3      | Gained mutation: Your spells are a little easier to cast,
                  | but a little less powerful. [potion of mutation]
  2120 | D:3      | Gained mutation: You are dopey. (Int -2) [potion of
                  | mutation]
  2122 | D:3      | Killed from afar by an orc priest

Illustrated notes

Levels and vault maps discovered:
D:1:      dpeg_arrival_long_road, layout_basic
D:2:      layout_rooms, basic_altar, uniq_crazy_yiuf_cottage
D:3:      layout_loops_cross, mainiacjoe_overflow_six_doors_small,
          shapermc_ecumenical_altar_totnotflames, lightli_sewer_entry_pipes,
          gammafunk_ghost_necromancy

Skill      XL: |  1  2  3  4 |
---------------+-------------+-----
Stealth        | 1 2 |  2.0
Poison Magic   | 1 |  1.1
Fighting       | 2 |  2.1
Dodging        | |  2.8
Unarmed Combat | |  3.6
Spellcasting   | |  2.0
Transmutations | |  2.0

Action                   |  1- 3 |  4- 6 || total
-------------------------+-------+-------++-------
Melee: Unarmed           |    59 |    34 ||    93
       Constrict         |    19 |     8 ||    27
       Kick              |    18 |     9 ||    27
       Tentacles         |    10 |     4 ||    14
       Punch             |     1 |       ||     1
 Cast: Beastly Appendage |    21 |    12 ||    33
  Use: Potion            |       |     2 ||     2
 Stab: Sleeping          |     6 |       ||     6
Armor: Skin              |     7 |    15 ||    22
Dodge: Dodged            |    33 |    22 ||    55

Table legend: (Time is in decaauts)
 A = Elapsed time spent in this place.
 B = Non-inter-level travel time spent in this place.
 C = Inter-level travel time spent in this place.
 D = Time resting spent in this place.
 E = Time spent auto-exploring this place.
 F = Levels seen in this place.
 G = Mean time per level.
                   A        B        C        D        E       F      G
               +--------+--------+--------+--------+--------+-----+--------+
         Total |   2119 |   2044 |     75 |    407 |   1320 |   3 |  706.3 |
       Dungeon |   2119 |   2044 |     75 |    407 |   1320 |   3 |  706.3 |
               +--------+--------+--------+--------+--------+-----+--------+

Top non-repeatable levels by time:
     D:1: 1507 daAuts
     D:2: 599 daAuts
     D:3: 12 daAuts
